 Dungeon Crawl Stone Soup version 0.23.0-3-gf3c87f2 (webtiles) character file.

Game seed: 3978840986346142061

26 tatocazan the Gusty (level 2, 0/15 HPs)
             Began as a Deep Elf Air Elementalist on Feb 21, 2019.
             Slain by Natasha (10 damage)
             ... on level 2 of the Dungeon.
             The game lasted 00:02:17 (1680 turns).

tatocazan the Gusty (Deep Elf Air Elementalist)     Turns: 1680, Time: 00:02:17

Health: 0/15       AC:  2    Str:  5    XL:     2   Next: 89%
Magic:  5/8        EV: 13    Int: 19    God:
Gold:   71         SH:  0    Dex: 15    Spells: 4/7 levels left

rFire    . . .     SeeInvis .   b - +0 short sword
rCold    . . .     Gourm    .   (no shield)
rNeg     . . .     Faith    .   a - +0 robe
rPois    .         Spirit   .   (no helmet)
rElec    .         Reflect  .   (no cloak)
rCorr    +         Harm     .   (no gloves)
MR       .....                  (no boots)
Stlth    ++........             (no amulet)
HPRegen  0.05/turn              d - ring of resist corrosion
MPRegen  0.11/turn              (no ring)

@: sluggish, slowed, very slow
A: no striking features
a: no special abilities


You were on level 2 of the Dungeon.
You were not hungry.

You visited 1 branch of the dungeon, and saw 2 of its levels.

You collected 71 gold pieces.

Inventory:

Hand Weapons
 b - a +0 short sword (weapon)
Armour
 a - a +0 robe (worn)
 f - a cursed +0 leather armour
Jewellery
 d - a ring of resist corrosion (left hand)
Scrolls
 e - a scroll of random uselessness {unknown}
 g - 2 scrolls of identify {unknown}
Potions
 h - a potion of curing {unknown}
 j - a potion of agility {unknown}
Comestibles
 c - 3 rations
 i - 2 chunks of flesh


   Skills:
 + Level 2.7 Dodging
 + Level 3.0 Stealth
 + Level 3.3 Spellcasting
 + Level 1.4 Conjurations
 * Level 3.4 Air Magic


You had 4 spell levels left.
You knew the following spells:

 Your Spells              Type           Power        Failure   Level  Hunger
a - Shock                 Conj/Air       ##..         5%          1    None
b - Swiftness             Chrm/Air       #.......     11%         2    ##.....

Your spell library contained the following spells:

 Spells                   Type           Power        Failure   Level  Hunger
 Static Discharge         Conj/Air       ##......     16%         3    ###....
 Airstrike                Air            ###.......   34%         4    ####...
 Lightning Bolt           Conj/Air       ##........   83%         5    ######.


Dungeon Overview and Level Annotations

Branches:
Dungeon (2/15)

Altars:

Annotations:
D:2 Natasha


Message History

You start to feel a little faster.
Natasha claws you. Natasha barely misses you.
You take 6 damage, and have 9/15 hp.
MASSIVE DAMAGE!!
Casting: Swiftness (safe; 11% risk of failure)
Confirm with . or Enter, or press ? or * to list all spells.
Aiming: Shock (safe; 5% risk of failure)
Press: ? - help, Shift-Dir - straight line, f - Natasha
Aim: Natasha The zap hits Natasha.
Natasha is lightly wounded.
Natasha barely misses you.
You now have 6/8 mp.
Casting: Shock (safe; 5% risk of failure)
Confirm with . or Enter, or press ? or * to list all spells.
Aiming: Shock (safe; 5% risk of failure)
Press: ? - help, Shift-Dir - straight line, f/p - Natasha
Aim: Natasha (lightly wounded)
The zap misses Natasha.
Natasha misses you. Natasha claws you!
Ouch! That really hurt!
You die...

#...÷...#.....###....
#....................
#.......#####.#####.
#.......# #÷#
#.....>.# #....#
#(......# #.##...#
#.......# #.. .##
#.......# #.. #
#######@######..
#.h...# .. #.....#
... #.....# #.....#
###.....# #...#####
########.###
#........#


You could see Natasha.

Vanquished Creatures
  2 leopard geckos (D:2)
  3 bats
  2 goblins (D:1)
  3 hobgoblins
  6 jackals
  A frilled lizard (D:1)
  A kobold (D:1)
  3 rats (D:1)
21 creatures vanquished.

Notes
Turn   | Place    | Note
-------+----------+-------------------------------------------
     0 | D:1      | tatocazan the Deep Elf Air Elementalist began the quest for
                  | the Orb.
     0 | D:1      | Reached XP level 1. HP: 10/10 MP: 6/6
     0 | D:1      | Noticed an octopode
     2 | D:1      | Noticed an elf
     2 | D:1      | Noticed a spriggan
     4 | D:1      | Noticed a vine stalker
     5 | D:1      | Noticed a formicid
     6 | D:1      | Noticed a ghoul
     7 | D:1      | Noticed a draconian
     8 | D:1      | Noticed a gargoyle
    10 | D:1      | Noticed a draconian
    10 | D:1      | Noticed a vine stalker
    12 | D:1      | Noticed a centaur
    12 | D:1      | Noticed a spriggan
    14 | D:1      | Noticed a naga
    14 | D:1      | Noticed a naga
    16 | D:1      | Noticed a spriggan
    18 | D:1      | Noticed an ogre
   529 | D:1      | Reached XP level 2. HP: 15/15 MP: 5/8
   533 | D:1      | Learned a level 2 spell: Swiftness
  1653 | D:2      | Noticed Natasha
  1680 | D:2      | Slain by Natasha

Skill      XL: |  1  2 |
---------------+-------+-----
Stealth        | 3 |  3.0
Dodging        | |  2.7
Spellcasting   | |  3.3
Conjurations   | |  1.4
Air Magic      | |  3.4

Action                   || total
-------------------------++-------
Melee: Short sword       ||    12
 Cast: Shock             ||    48
       Swiftness         ||     1
  Eat: Chunk             ||     2
Armor: Robe              ||     4
Dodge: Dodged            ||    30
